 Dungeon Crawl Stone Soup version 0.19.5 (webtiles) character file.

88 McKennaii the Firebug (level 4, -4/24 HPs)
             Began as a Deep Elf Fire Elementalist on May 16, 2017.
             Killed from afar by DasRunzen's ghost (8 damage)
             ... with a zap
             ... on level 3 of the Dungeon.
             The game lasted 00:03:28 (1881 turns).

McKennaii the Firebug (Deep Elf Fire Elementalist)  Turns: 1881, Time: 00:03:28

Health: -4/24      AC:  2    Str:  5    XL:     4   Next: 29%
Magic:  5/11       EV: 13    Int: 21    God:
Gold:   75         SH:  0    Dex: 15    Spells: 3 memorised, 4 levels left

rFire  . . .     SeeInvis .     (no weapon)
rCold  . . .     Gourm    .     a - +0 robe
rNeg   . . .     Faith    .     (no shield)
rPois  .         Spirit   .     (no helmet)
rElec  .         Reflect  .     (no cloak)
rCorr  .         Harm     .     (no gloves)
MR     .....                    (no boots)
Stlth  ++........               (no amulet)
                                (no ring)
                                (no ring)

@: very slightly contaminated
A: no striking features
a: no special abilities


You were on level 3 of the Dungeon.
You were hungry.

You visited 1 branch of the dungeon, and saw 3 of its levels.

You collected 75 gold pieces.

Inventory:

Armour
 a - a +0 robe (worn)
Scrolls
 f - a scroll of amnesia {unknown}
 k - 2 scrolls of teleportation {unknown}
 l - a scroll of immolation {unknown}
 m - a scroll of fog {unknown}
 o - 2 scrolls of recharging {unknown}
 p - 4 scrolls of remove curse {unknown}
 q - 2 scrolls of enchant weapon {unknown}
 s - a scroll of blinking {unknown}
 t - a scroll of identify {unknown}
 u - a scroll of enchant armour {unknown}
Potions
 d - 2 potions of heal wounds {unknown}
 e - a potion of degeneration {unknown}
 h - a potion of flight {unknown}
 i - a potion of curing {unknown}
 j - a potion of haste {unknown}
 n - a potion of invisibility {unknown}
Books
 b - a book of Flames

   Spells                             Type                      Level
   a - Flame Tongue                   Conjuration/Fire             1
   b - Throw Flame                    Conjuration/Fire             2
   c - Conjure Flame                  Conjuration/Fire             3
   d - Inner Flame                    Hexes/Fire                   3
   e - Sticky Flame                   Conjuration/Fire             4
   f - Fireball                       Conjuration/Fire             5
Comestibles
 c - 3 bread rations
 g - 2 meat rations
 r - 7 fruits


   Skills:
 + Level 2.9 Dodging
 + Level 2.5 Stealth
 + Level 3.9 Spellcasting
 + Level 2.0 Conjurations
 + Level 4.5 Fire Magic


You had 4 spell levels left.
You knew the following spells:

 Your Spells              Type           Power        Failure   Level  Hunger
a - Flame Tongue          Conj/Fire      ###..        3%          1    None
b - Throw Flame           Conj/Fire      ###...       6%          2    #......
c - Conjure Flame         Conj/Fire      ###.....     12%         3    ###....


Dungeon Overview and Level Annotations

Branches:
Dungeon (3/15)

Altars:
Yredelemnul

Annotations:
D:3 DasRunzen's ghost, amateur DgWn; Terence


Message History

There is a large open door here.
DasRunzen's ghost points at you and mumbles some strange words.
Pain shoots through your body!
Casting: Flame Tongue
Confirm with . or Enter, or press ? or * to list all spells.
Aiming: Conjure Flame
Press: ? - help, Dir - move target cursor You miscast Conjure Flame.
You are very lightly contaminated with residual magic.
Nothing appears to happen.
Casting: Conjure Flame
Confirm with . or Enter, or press ? or * to list all spells.
Aiming: Conjure Flame
Press: ? - help, Dir - move target cursor The fire roars!
DasRunzen's ghost gestures at you while chanting.
The zap hits you!
* * * LOW HITPOINT WARNING * * *
The zap hits you!
You die...

#.## #.###.## #..# #.#
### ##.# #.# #.# #.#
#.# #.# #.# #.# #.#
#.###### #######.###
#[...[.# ........@.#
######.# #########§###
#.# #...# #.##
####W'#### #...
##........## ####
##..........#
#............#
#.....†........# #####
#..............?.##....


You could see DasRunzen's ghost.

Vanquished Creatures
  4 adders
  2 worms
  4 leopard geckos
  2 ball pythons (D:2)
  3 bats
  7 goblins
  3 hobgoblins
  2 jackals (D:1)
  3 kobolds
  2 quokkas (D:2)
  4 frilled lizards
  3 rats (D:2)
  A spectral orc (D:3)
40 creatures vanquished.

Notes
Turn   | Place    | Note
-------+----------+-------------------------------------------
     0 | D:1      | McKennaii the Deep Elf Fire Elementalist began the quest for the Orb.
     0 | D:1      | Reached XP level 1. HP: 10/10 MP: 6/6
   209 | D:1      | Reached XP level 2. HP: 9/15 MP: 5/8
   299 | D:1      | Reached skill level 4 in Fire Magic
   662 | D:2      | Reached XP level 3. HP: 19/19 MP: 4/9
   666 | D:2      | Learned a level 2 spell: Throw Flame
   670 | D:2      | Learned a level 3 spell: Conjure Flame
  1361 | D:2      | Reached XP level 4. HP: 24/24 MP: 7/11
  1546 | D:3      | Noticed Terence
  1810 | D:3      | Found a basalt altar of Yredelemnul.
  1871 | D:3      | Noticed DasRunzen's ghost (amateur DgWn)
  1881 | D:3      | Killed from afar by DasRunzen's ghost

Skill      XL: |  1  2  3  4 |
---------------+-------------+-----
Fire Magic     | 4 |  4.5
Conjurations   | 2 |  2.0
Dodging        | |  2.9
Stealth        | |  2.5
Spellcasting   | |  3.9

Action                   |  1- 3 |  4- 6 || total
-------------------------+-------+-------++-------
Melee: Unarmed           |     4 |       ||     4
 Cast: Flame Tongue      |    62 |    14 ||    76
       Conjure Flame     |       |     1 ||     1
       Throw Flame       |       |     1 ||     1
 Stab: Sleeping          |     1 |       ||     1
  Eat: Chunk             |       |     2 ||     2
Armor: Robe              |     9 |     2 ||    11
Dodge: Dodged            |    31 |    10 ||    41
